Map: Deathaura LE

Players

Cuddlebear

  • Race: Terran Terran
  • League: Master
  • Spawn Location: 11:00

Scarlett - Winner!

  • Race: Zerg Zerg
  • Spawn Location: 5:00

Event: DreamHack SC2 Masters 2020 Fall

VOD

Have the link to the VOD?

Description

Time

  • Played on: Sept. 5, 2020, 4:09 p.m.
  • Length: 20:22

All games in this series

Show
View Real Time Build Order
Export as new Build Order

Cuddlebear Terran 

Build Orders: Hellion Opening, Reaper Expand 

Get SALT Encoding   

  12  0:00  SCV  
  13  0:12  SCV  
  14  0:17  Supply Depot  
  14  0:24  SCV  
  15  0:38  SCV  
  15  0:40  Barracks  
  16  0:44  Refinery  
  16  0:50  SCV  
  17  1:02  SCV  
  18  1:15  SCV  
  19  1:27  Orbital Command  
  19  1:28  Reaper  
  20  1:41  Command Center  
  20  1:51  Supply Depot  
  20  1:52  SCV  
  21  2:00  Marine  
  22  2:05  SCV  
  23  2:08  Factory  
  23  2:17  SCV, Refinery  
  23  2:21  Barracks Reactor  
  24  2:29  SCV  
  25  2:41  SCV  
  26  2:53  SCV  
  29  3:05  SCV  
  29  3:06  Orbital Command, Starport  
  29  3:08  Hellion x2  
  29  3:10  Supply Depot  
  32  3:16  Barracks Tech Lab  
  32  3:17  SCV  
  33  3:29  SCV, Hellion  
  33  3:30  Hellion  
  33  3:31  SCV  
  39  3:42  SCV  
  39  3:43  SCV  
  39  3:44  Supply Depot  
  40  3:51  Raven  
  40  3:54  SCV, Hellion x2  
  47  3:56  SCV  
  47  4:01  Barracks Tech Lab  
  48  4:06  SCV  
  48  4:08  SCV  
  50  4:10  Command Center  
  50  4:17  Hellion x2  
  50  4:20  SCV  
  55  4:25  SCV, Supply Depot  
  56  4:34  Raven, Stimpack  
  56  4:36  SCV  
  59  4:38  SCV  
  60  4:46  Barracks  
  60  4:47  Barracks  
  60  4:48  SCV  
  60  4:50  SCV  
  60  4:51  Marine  
  63  4:53  Factory Reactor  
  63  5:00  SCV, Engineering Bay  
  63  5:02  Engineering Bay, Refinery  
  63  5:03  SCV  
  65  5:07  Refinery  
  65  5:12  SCV, Marine  
  67  5:15  SCV  
  67  5:18  Supply Depot  
  68  5:24  SCV  
  68  5:25  SCV  
  68  5:27  SCV  
  71  5:30  Marine  
  71  5:33  Starport Reactor  
  68  5:38  SCV  
  68  5:39  Marine  
  68  5:42  Marine  
  64  5:47  Orbital Command  
  64  5:48  Terran Infantry Weapons Level 1, Terran Infantry Armor Level 1  
  64  5:49  SCV  
  60  5:52  SCV, Supply Depot, Barracks  
  60  5:53  Marine x3  
  60  5:54  Factory Reactor  
  64  5:57  Marine, Barracks  
  64  5:58  Supply Depot  
  64  6:01  SCV  
  64  6:02  Marine  
  67  6:04  SCV  
  67  6:08  Siege Tank  
  67  6:11  Supply Depot, Marine x2  
  72  6:12  Marine  
  72  6:13  Orbital Command  
  72  6:14  Medivac x2  
  72  6:17  SCV  
  72  6:18  SCV  
  80  6:20  Marine  
  80  6:21  Combat Shield  
  81  6:26  Marine  
  81  6:28  Marine  
  81  6:30  SCV x2  
  81  6:31  Marine  
  88  6:33  Marauder  
  88  6:38  Supply Depot  
  88  6:39  Barracks Reactor, Supply Depot  
  88  6:40  Marine  
  88  6:42  SCV x2  
  88  6:45  Siege Tank  
  88  6:46  Medivac  
  96  6:53  Medivac  
  98  6:55  Marine  
  98  6:56  Marauder, Marine  
  98  6:59  Marine  
  103  7:03  Marine  
  103  7:06  Barracks Tech Lab  
  104  7:12  SCV x2, Marine  
  104  7:13  SCV  
  104  7:15  Refinery  
  108  7:18  Marauder  
  108  7:19  Armory, Marine  
  111  7:24  SCV x2  
  111  7:25  SCV, Marauder, Marine  
  111  7:27  Marine, Siege Tank  
  121  7:31  Supply Depot  
  121  7:32  Supply Depot, Marine  
  121  7:33  Supply Depot  
  121  7:36  SCV x2  
  124  7:37  SCV  
  124  7:39  Marauder, Marine  
  128  7:44  Marine  
  128  7:47  Marauder  
  128  7:48  SCV x2  
  128  7:49  SCV  
  128  7:50  Marine  
  128  7:51  Marine x2  
  137  7:53  Medivac x2  
  140  7:59  Marine  
  140  8:00  Marauder  
  140  8:02  Marine  
  146  8:05  Marine  
  146  8:06  Concussive Shells  
  146  8:08  Marauder  
  146  8:12  Terran Infantry Weapons Level 2  
  147  8:16  Command Center  
  147  8:18  SCV  
  148  8:22  Marauder, Marine x5  
  148  8:23  Siege Tank  
  157  8:33  Marine  
  157  8:34  SCV x2  
  157  8:38  Marine  
  159  8:41  Marine  
  159  8:42  Marine x2  
  159  8:43  Medivac  
  159  8:45  Barracks  
  159  8:46  Refinery, Barracks  
  159  8:47  Medivac  
  165  8:49  Supply Depot, Barracks  
  165  8:53  Marine  
  165  8:54  Marine x3  
  165  9:00  Supply Depot  
  165  9:10  Marine x4  
  165  9:11  Marine  
  165  9:12  Marine  
  165  9:13  Marauder  
  165  9:14  Terran Infantry Armor Level 2  
  164  9:25  Marine  
  164  9:29  Marauder, Marine  
  164  9:30  Marine  
  151  9:34  Marauder  
  151  9:36  Marine  
  151  9:38  Marine  
  151  9:40  Marine  
  151  9:41  Barracks Tech Lab x2  
  151  9:43  Barracks Reactor  
  151  9:45  Supply Depot  
  152  9:46  SCV x2, Supply Depot x2  
  152  9:47  Supply Depot  
  152  9:50  Marauder, Marine  
  152  9:52  Marine  
  158  9:54  Marine  
  158  9:56  Marauder, Marine  
  162  10:04  Marine  
  162  10:05  Marauder, Marine  
  162  10:06  Marauder  
  168  10:07  Marine  
  168  10:10  Marine  
  168  10:11  Marauder  
  168  10:13  Supply Depot, Planetary Fortress  
  172  10:14  SCV, Supply Depot  
  172  10:15  SCV x2  
  172  10:17  Marauder  
  172  10:18  Terran Vehicle Weapons Level 1  
  177  10:22  Marine  
  177  10:26  SCV, Marauder, Marine  
  177  10:27  SCV, Marauder  
  177  10:28  Marine x2  
  186  10:29  Marine  
  186  10:31  Marine  
  186  10:33  Marauder, Marine  
  192  10:38  Marauder  
  185  10:48  Marine  
  185  10:49  Marauder  
  168  10:50  Marauder, Marine  
  168  10:54  Marauder  
  168  10:55  Marine x3  
  171  10:57  Marine  
  171  11:00  Marauder  
  171  11:01  Marine x2  
  176  11:06  Marine  
  176  11:07  Marine  
  176  11:10  Marauder  
  173  11:12  Marauder, Marine  
  173  11:13  Marine x2  
  173  11:15  Marine, Ghost Academy  
  173  11:16  Marauder  
  181  11:19  Marine x2  
  181  11:21  Marauder  
  181  11:23  Command Center  
  181  11:24  Marine  
  186  11:25  Marine  
  186  11:26  Command Center  
  186  11:31  Marauder  
  184  11:33  Marauder, Marine  
  184  11:35  Marine  
  184  11:36  Marine  
  184  11:37  Marauder  
  189  11:42  Marauder, Marine  
  189  11:45  Marine  
  189  11:49  SCV x4, Terran Infantry Weapons Level 3  
  189  11:50  Terran Infantry Armor Level 3  
  189  11:53  Marauder  
  193  11:54  Marauder, Marine  
  193  11:56  Enhanced Shockwaves  
  193  11:58  Marauder  
  193  12:00  Refinery  
  195  12:02  Refinery  
  195  12:03  Ghost  
  197  12:10  Marine  
  197  12:13  Ghost  
  197  12:16  Ghost  
  197  12:17  Marine x2  
  200  12:30  Missile Turret  
  200  12:31  Sensor Tower  
  200  12:39  Orbital Command  
  200  12:47  Missile Turret  
  200  12:49  Missile Turret  
  200  12:51  Ghost, Sensor Tower  
  198  12:52  Ghost  
  198  12:58  Marauder  
  198  13:12  Ghost, Marine  
  198  13:18  Ghost  
  200  13:24  Marine  
  200  13:29  Planetary Fortress  
  200  13:33  Command Center  
  197  13:51  Ghost, Marine  
  200  14:08  Command Center  
  200  14:10  Terran Ship Weapons Level 1  
  200  14:16  Fusion Core  
  200  14:17  Starport  
  200  14:18  Starport  
  200  14:43  Refinery  
  200  14:44  Refinery  
  194  15:03  Ghost, Marine  
  195  15:12  Ghost  
  195  15:13  Marine x2  
  197  15:21  Personal Cloaking  
  197  15:24  Orbital Command x2  
  197  15:31  Ghost x3  
  197  15:33  Command Center, Liberator x2  
  198  15:38  Marine  
  198  15:41  Ghost  
  198  15:47  Liberator x2  
  194  15:57  Marine  
  194  15:59  Ghost  
  188  16:15  Liberator  
  188  16:16  Liberator  
  187  16:30  Medivac x2  
  187  16:32  Ghost, Marine  
  150  16:35  Marauder, Marine x2  
  150  16:39  Ghost, Marine  
  151  16:40  Marine  
  151  16:43  Advanced Ballistics  
  151  16:44  Terran Ship Weapons Level 2  
  151  16:47  Nuke  
  151  16:48  Siege Tank  
  154  16:55  Marine x3  
  154  16:56  Marauder  
  154  16:58  Liberator  
  154  16:59  Liberator  
  164  17:05  Marauder, Marine  
  164  17:06  Marauder  
  170  17:09  Liberator x2  
  159  17:16  Ghost, Marine  
  152  17:29  Marine  
  142  17:30  Marauder  
  142  17:33  Marine  
  142  17:34  Marauder, Marine x2  
  142  17:35  Marauder  
  149  17:37  Orbital Command  
  149  17:39  Marine  
  149  17:40  Marine  
  149  17:41  SCV, Orbital Command, Liberator  
  155  17:45  Marauder  
  157  17:58  Orbital Command  
  157  18:06  SCV  
  157  18:08  SCV  
  144  18:18  Liberator  
  144  18:19  Ghost, Marine x2, Liberator x2  
  149  18:20  Ghost, Marauder x2, Marine x2  
  149  18:21  Marine  
  138  18:28  Siege Tank  
  138  18:29  Marine  
  139  18:37  Marine x2  
  139  18:38  Orbital Command  
  139  18:40  Ghost  
  128  18:41  Marauder  
  128  18:45  SCV x3  
  129  18:48  Command Center  
  129  18:50  Command Center  
  131  18:56  Marine  
  131  18:57  SCV, Marine x2  
  131  18:58  SCV  
  131  19:02  Ghost, Marine  
  135  19:06  SCV x2  
  135  19:09  Ghost  
  136  19:10  SCV, Marine  
  136  19:14  SCV  
  136  19:15  Unknown  
  136  19:16  Unknown  
  138  19:18  SCV x2  
  135  19:30  Ghost, Marine x3  
  123  19:38  Marauder  
  123  19:40  Marine  
  123  19:45  SCV  
  120  19:47  SCV, Marine  
  120  19:52  Marine x2  
  108  20:00  Marauder x2, Marine  
  108  20:01  SCV  
  108  20:03  SCV x2  
Show
View Real Time Build Order
Export as new Build Order

Scarlett Zerg - Winner!

Build Orders: Hatch First, Lurkers, Roach Hydra 

Get SALT Encoding   

  12  0:00  Drone  
  13  0:12  Overlord  
  13  0:16  Drone  
  14  0:30  Drone x2  
  16  0:46  Hatchery  
  15  0:50  Drone  
  15  0:53  Drone  
  17  0:57  Drone  
  18  1:08  Extractor  
  17  1:12  Spawning Pool  
  17  1:15  Drone  
  17  1:18  Drone  
  18  1:27  Drone  
  19  1:40  Drone  
  20  1:49  Overlord  
  20  1:59  Queen x2  
  20  2:00  Zergling x4  
  26  2:11  Drone x2  
  26  2:12  Metabolic Boost  
  28  2:25  Drone x2  
  30  2:32  Hatchery  
  30  2:35  Drone  
  30  2:39  Drone  
  31  2:45  Drone  
  31  2:46  Overlord  
  32  2:51  Drone  
  32  2:58  Drone  
  34  3:03  Queen  
  36  3:09  Drone  
  36  3:10  Drone x4  
  41  3:13  Overlord  
  41  3:26  Queen, Drone  
  44  3:37  Drone x3  
  47  3:43  Queen  
  47  3:45  Queen  
  51  3:49  Overlord  
  51  3:50  Drone x5  
  56  4:00  Overlord  
  56  4:01  Drone x2  
  58  4:02  Lair  
  58  4:11  Drone x6  
  58  4:17  Overlord  
  64  4:18  Queen, Drone  
  64  4:19  Drone  
  64  4:21  Extractor  
  64  4:23  Extractor  
  66  4:25  Queen  
  66  4:30  Zergling x8  
  71  4:40  Drone x4  
  75  4:46  Drone x3  
  75  4:47  Drone x3  
  81  4:55  Roach Warren  
  80  5:01  Overseer  
  80  5:07  Spore Crawler, Extractor  
  80  5:09  Spore Crawler x2, Extractor  
  80  5:10  Zergling x12  
  80  5:11  Overlord x2  
  80  5:22  Evolution Chamber x2  
  75  5:33  Overlord, Drone x6  
  75  5:34  Drone  
  77  5:41  Drone x4  
  74  5:43  Drone  
  74  5:47  Glial Reconstitution  
  75  5:50  Drone  
  75  5:51  Drone x3  
  75  5:53  Zerg Missile Weapons Level 1, Zerg Ground Armor Level 1  
  75  5:54  Extractor  
  75  5:56  Drone x2  
  80  6:08  Overlord x4  
  80  6:15  Overlord, Hydralisk Den  
  79  6:20  Drone x2  
  79  6:22  Hatchery  
  80  6:31  Drone x3  
  80  6:32  Roach x2  
  87  6:38  Drone x2  
  87  6:39  Roach  
  95  6:40  Roach x2  
  95  6:48  Muscular Augments  
  94  6:55  Hydralisk x3  
  94  6:56  Hydralisk x3  
  105  7:05  Overlord  
  103  7:17  Drone x2  
  103  7:18  Hydralisk x3  
  103  7:19  Infestation Pit  
  103  7:21  Lurker Den  
  109  7:23  Overlord  
  109  7:24  Overlord  
  109  7:27  Drone x2  
  111  7:30  Drone x4  
  115  7:40  Roach x6  
  115  7:42  Ravager x5  
  132  7:47  Roach x2  
  136  7:59  Grooved Spines  
  136  8:06  Hive  
  136  8:07  Hatchery  
  134  8:15  Zerg Ground Armor Level 2  
  134  8:17  Zerg Missile Weapons Level 2  
  134  8:21  Drone x7  
  134  8:25  Roach x4  
  134  8:26  Drone x7  
  156  8:31  Extractor x2  
  154  8:35  Ravager  
  154  8:41  Spine Crawler, Drone  
  154  8:45  Roach  
  154  8:46  Roach x6  
  154  8:55  Spine Crawler  
  154  8:58  Overlord x3  
  153  9:04  Roach x8  
  153  9:08  Overlord x2  
  165  9:22  Roach x7  
  137  9:36  Seismic Spines  
  133  9:39  Roach x8  
  133  9:42  Hydralisk  
  133  9:43  Lurker  
  133  9:45  Lurker  
  151  9:47  Drone  
  151  9:53  Hatchery  
  150  10:00  Viper  
  153  10:08  Viper  
  153  10:10  Overlord  
  153  10:13  Lurker  
  157  10:22  Viper  
  157  10:24  Hydralisk  
  162  10:45  Hydralisk x7  
  161  10:56  Hydralisk x2, Lurker  
  158  11:01  Spine Crawler  
  158  11:03  Spore Crawler  
  157  11:13  Lurker x3  
  160  11:20  Drone x4  
  160  11:21  Drone x2  
  166  11:26  Spore Crawler, Drone x3, Extractor  
  166  11:27  Spine Crawler  
  166  11:34  Extractor  
  165  11:45  Hatchery  
  164  11:50  Viper x2  
  164  11:51  Hydralisk x4  
  178  12:10  Zerg Ground Armor Level 3  
  178  12:27  Hydralisk x5  
  188  12:31  Hatchery  
  188  12:35  Spine Crawler  
  186  12:37  Spine Crawler  
  186  12:42  Adaptive Talons  
  185  12:47  Zerg Missile Weapons Level 3  
  185  12:59  Tunneling Claws, Burrow  
  183  13:09  Hydralisk x4  
  183  13:10  Hydralisk  
  178  13:15  Roach, Overseer  
  178  13:16  Hydralisk x2  
  182  13:32  Ravager  
  182  13:42  Lurker x5  
  182  13:45  Hatchery  
  183  14:01  Adrenal Glands  
  183  14:02  Baneling Nest  
  182  14:16  Spore Crawler  
  181  14:27  Overseer  
  181  14:29  Spine Crawler, Extractor  
  181  14:31  Spore Crawler  
  178  14:32  Extractor  
  178  14:35  Drone x6  
  183  14:41  Drone x4  
  183  14:42  Drone x2  
  189  14:49  Roach x3  
  189  14:51  Viper x2  
  193  15:12  Lurker x5  
  193  15:13  Hydralisk x2, Lurker  
  199  15:23  Zerg Melee Weapons Level 1, Centrifical Hooks  
  199  15:50  Spine Crawler  
  199  15:51  Spine Crawler, Drone x3  
  199  15:52  Spore Crawler x2  
  198  16:00  Spire  
  195  16:09  Pneumatized Carapace  
  195  16:10  Overseer x2  
  183  16:32  Hydralisk x7  
  179  16:43  Hydralisk x5, Lurker x4  
  179  16:44  Hydralisk x3  
  179  16:46  Hatchery  
  186  16:57  Hydralisk x9  
  200  17:08  Hydralisk  
  198  17:29  Hatchery  
  189  17:36  Queen  
  191  17:40  Greater Spire  
  191  17:44  Hatchery, Unknown  
  190  17:47  Unknown  
  188  17:54  Overseer x3  
  188  18:00  Drone  
  188  18:01  Drone x9  
  179  18:25  Hydralisk x12  
  177  18:46  Hydralisk x6  
  185  18:52  Queen  
  181  19:11  Lurker x3  
  181  19:15  Drone x7  
  181  19:29  Hydralisk x11  
  190  19:39  Viper  
  190  19:40  Viper  
  196  19:48  Hydralisk x3  
  196  19:49  Overlord  
  194  19:54  Spore Crawler  
  194  19:56  Spore Crawler  
  194  19:59  Drone  
  182  20:00  Drone x3  
  182  20:01  Drone x3  
  182  20:02  Spore Crawler  

Tags
 
Add a new tag
Caveats
  • Supply blocks, unpowered buildings, or Contaminate may cause inaccurate times.
  • Supply counts are checked every 10 seconds.